 Dungeon Crawl Stone Soup version 0.31.0-11-ge490571c62 (webtiles) character file.

Game seed: 9550136405659088828

124 puppykicker the Magician (level 4, -2/33 HPs)
             Began as a Mummy Alchemist on Jan 29, 2024.
             Slain by an ufetubus (4 damage)
             ... on level 3 of the Dungeon.
             The game lasted 00:12:01 (3193 turns).

puppykicker the Magician (Mummy Alchemist)          Turns: 3193, Time: 00:12:02

Health: -2/33      AC:  3    Str: 11    XL:     4   Next: 81%
Magic:  3/9        EV: 12    Int: 16    God:
Gold:   27         SH:  0    Dex: 12    Spells: 1/9 levels left

rFire   . . .        a - +0 flail (drain)
rCold   + . .        (no shield)
rNeg    + + +        b - +0 robe
rPois   ∞            j - +0 helmet
rElec   .            (no cloak)
rCorr   .            (no gloves)
SInv    .            (no boots)
Will    .....        (no amulet)
Stlth   ++           F - ring of protection from fire
HPRegen 0.25/turn    (no ring)
MPRegen 0.11/turn

%: faith
@: no status effects
A: cold resistance 1, negative energy resistance 3, torment resistance 2, heat
vulnerability 1, in touch with death 1, no potions, faith
a: no special abilities


You were on level 3 of the Dungeon.
You visited 1 branch of the dungeon, and saw 3 of its levels.

You collected 178 gold pieces.
You spent 151 gold pieces at shops.

Inventory:

Hand Weapons
 a - a +0 flail of draining (weapon)
Missiles
 g - 6 poisoned darts
 h - 2 curare-tipped darts
Armour
 b - a +0 robe (worn)
 j - a +0 helmet (worn)
Jewellery
 F - a ring of protection from fire (left hand)
Scrolls
 c - a scroll of revelation
 d - 2 scrolls of immolation {!r}
 e - a scroll of fear
 f - a scroll of enchant weapon
 i - a scroll of identify
 t - 2 scrolls of teleportation


   Skills:
 + Level 1.7 Fighting
 - Level 1.5 Dodging
 - Level 1.5 Stealth
 + Level 3.4 Spellcasting
 + Level 1.6 Conjurations
 + Level 1.0 Summonings
 + Level 1.0 Translocations
 + Level 0.3 Air Magic
 + Level 2.9 Alchemy


You had one spell level left.
You knew the following spells:

 Your Spells              Type           Power      Damage    Failure   Level
a - Sting                 Conj/Alch      40%        1d5       7%          1
b - Call Imp              Summ           12%        N/A       17%         2
p - Blink                 Tloc           12%        N/A       19%         2
x - Mephitic Cloud        Conj/Alch/Air  8%         N/A       26%         3

Your spell library contained the following spells:

 Spells                   Type           Power      Damage    Failure   Level
 Magic Dart               Conj           32%        1d4       9%          1
 Mercury Vapours          Alch/Air       16%        N/A       14%         2
 Lesser Beckoning         Tloc           12%        N/A       19%         2
 Gell's Gravitas          Tloc           6%         N/A       34%         3
 Teleport Other           Tloc           6%         N/A       34%         3
 Olgreb's Toxic Radiance  Alch           12%        N/A       45%         4
 Sticky Flame             Fire/Alch      7%         2d4       67%         4


Dungeon Overview and Level Annotations

Branches:
Dungeon (3/15)

Altars:

Shops:
D:3 **![

Annotations:
D:3 3 runed translucent doors, thirtiethelement's ghost, weakling DsMo


Innate Abilities, Weirdness & Mutations

You are immune to poison.
Your flesh is cold resistant. (rC+)
You are immune to negative energy. (rN+++)
You are immune to unholy pain and torment.
You are vulnerable to heat. (rF-)
You are in touch with the powers of death.
You do not drink.
You have a special connection with the divine. (Faith)


Message History

The ufetubus slips past you! The ufetubus closely misses you.
The ufetubus barely misses you.
You take 2 damage, and have 12/33 hp.
Unknown command.
You miss the ufetubus.
The ufetubus is severely wounded.
The ufetubus looks more healthy.
The ufetubus completely misses you. The ufetubus hits you.
* * * LOW HITPOINT WARNING * * *
The ufetubus closely misses you.
The ufetubus hits you but does no damage.
The ufetubus hits you.
* * * LOW HITPOINT WARNING * * *
The ufetubus barely misses you. x3
You take 4 damage, and have 8/33 hp.
Unknown command.
You hit the ufetubus but do no damage.
The ufetubus is almost dead.
The ufetubus hits you but does no damage. x2
The ufetubus hits you.
* * * LOW HITPOINT WARNING * * *
The ufetubus barely misses you. x2
The ufetubus hits you but does no damage.
The ufetubus hits you.
* * * LOW HITPOINT WARNING * * *
The ufetubus barely misses you.
You take 3 damage, and have 5/33 hp.
Unknown command.
Casting: Sting (safe; 7% risk of failure)
Confirm with . or Enter, or press ? or * to list all spells.
Aiming: Sting (safe; 7% risk of failure)
Press: ? - help, Shift-Dir - straight line, f - ufetubus
Aim: an ufetubus (53% to hit)
The sting misses the ufetubus.
The ufetubus hits you but does no damage.
The ufetubus hits you.
* * * LOW HITPOINT WARNING * * *
The ufetubus misses you. The ufetubus closely misses you.
The ufetubus hits you.
You die...

.#####.#######
..............
.#####.####### ##
##...## ##.....#########
#......8........
#.............## #
##..............#.###
##..............@5...#
#..............5...#.#
...............(.....#
.......~~~~~~..)........
......~~####~~.).......#
......~## ##~.......###
......~# #~.....8.#
8.....~# #~.......#
......~# #~......##


You could see 2 ufetubi.

Levels and vault maps discovered:
D:1:      minmay_arrival_open_corners, layout_loops_ring, serial_bayou_ford_a
D:2:      layout_basic
D:3:      layout_loops_corners, serial_shops, shop, shop_statue,
          nicolae_shop_getting_attention, shop_coins, ebering_ghost_rock_garden,
          serial_park_tiny_1, kennysheep_decorative_pillar, uniq_terence

Notes
Turn   | Place    | Note
-------+----------+-------------------------------------------
     0 | D:1      | puppykicker the Mummy Alchemist began the quest for the
                  | Orb.
     0 | D:1      | Reached XP level 1. HP: 13/13 MP: 4/4
    50 | D:1      | HP: 3/13 [jackal (1)]
    58 | D:1      | HP: 3/13 [jackal (1)]
   106 | D:1      | Identified a +0 robe
   113 | D:1      | Reached skill level 1 in Conjurations
   238 | D:1      | Reached XP level 2. HP: 16/20 MP: 1/5
   292 | D:1      | Identified a +0 club
   296 | D:1      | Reached skill level 3 in Spellcasting
   404 | D:1      | Reached skill level 1 in Fighting
   474 | D:1      | You fall into a shaft and drop 1 floor!
   506 | D:2      | Learned a level 2 spell: Blink
   509 | D:2      | Learned a level 2 spell: Call Imp
   706 | D:1      | Identified a +0 club
   884 | D:1      | Identified a +0 short sword
   937 | D:1      | Reached XP level 3. HP: 23/26 MP: 4/7
  1020 | D:1      | Identified a +0 club
  1126 | D:1      | Identified a +0 club
  1149 | D:1      | Identified a +0 club
  1150 | D:1      | Identified a +0 short sword
  1234 | D:1      | Identified a +0 dagger
  1506 | D:2      | Identified a +0 mace
  1611 | D:2      | Identified a ring of protection from fire
  1851 | D:2      | Learned a level 3 spell: Mephitic Cloud
  2032 | D:2      | Reached XP level 4. HP: 32/32 MP: 3/8
  2268 | D:2      | Identified a +0 leather armour
  2317 | D:3      | Identified a +0 dagger
  2468 | D:3      | Found a runed translucent gate.
  2471 | D:3      | Found a runed translucent gate.
  2472 | D:3      | Found a runed translucent gate.
  2474 | D:3      | Noticed thirtiethelement's ghost (weakling DsMo)
  2510 | D:3      | Identified a +0 ring mail
  2532 | D:3      | Found Tigoviog's General Store.
  2555 | D:3      | Bought a scroll of immolation for 40 gold pieces
  2555 | D:3      | Bought a scroll of identify for 20 gold pieces
  2564 | D:3      | Identified a scroll of revelation
  2565 | D:3      | Identified a scroll of enchant weapon
  2566 | D:3      | Identified a scroll of teleportation
  2569 | D:3      | Found Jeogyax's General Store.
  2577 | D:3      | Bought a scroll of teleportation for 39 gold pieces
  2577 | D:3      | Bought a scroll of fear for 52 gold pieces
  2728 | D:3      | Reached skill level 1 in Summonings
  2970 | D:3      | Found Ekhleyt's Antique Armour Shoppe.
  2971 | D:3      | Found Ygalaom's Distillery.
  3005 | D:3      | Identified a +0 club
  3087 | D:3      | Identified a +0 flail of draining
  3087 | D:3      | Identified a +0 scale mail
  3087 | D:3      | Noticed Terence
  3097 | D:3      | Killed Terence
  3098 | D:3      | Reached skill level 1 in Translocations
  3161 | D:3      | Identified a +0 helmet
  3178 | D:3      | Identified a +0 dagger
  3178 | D:3      | Identified a +0 hand axe
  3191 | D:3      | HP: 8/33 [ufetubus (1)]
  3193 | D:3      | HP: 2/33 [ufetubus (4)]
  3193 | D:3      | Slain by an ufetubus

Table legend: (Time is in decaauts)
 A = Elapsed time spent in this place.
 B = Non-inter-level travel time spent in this place.
 C = Inter-level travel time spent in this place.
 D = Time resting spent in this place.
 E = Time spent auto-exploring this place.
 F = Levels seen in this place.
 G = Mean time per level.
                   A        B        C        D        E       F      G
               +--------+--------+--------+--------+--------+-----+--------+
         Total |   3211 |   3144 |     67 |    945 |   1681 |   3 | 1070.3 |
       Dungeon |   3211 |   3144 |     67 |    945 |   1681 |   3 | 1070.3 |
               +--------+--------+--------+--------+--------+-----+--------+

Top non-repeatable levels by time:
     D:1: 1269 daAuts
     D:2: 1047 daAuts
     D:3: 895 daAuts

Table legend:
 A = Kills in this place as a percentage of kills in the entire game.
 B = Kills by you in this place as a percentage of kills by you in the entire game.
 C = Kills by friends in this place as a percentage of kills by friends in the entire game.
 D = Other kills in this place as a percentage of other kills in the entire game.
 E = Experience gained in this place as a percentage of experience gained in the entire game.
 F = Experience gained in this place divided by the number of levels of this place that you have seen.
                   A       B       C       D       E      F
               +-------+-------+-------+-------+-------+----------------------
         Total | 100.0 | 100.0 |   N/A |   N/A | 100.0 |  59.3
       Dungeon | 100.0 | 100.0 |   N/A |   N/A | 100.0 |  59.3
               +-------+-------+-------+-------+-------+----------------------

Skill      XL: |  1  2  3  4 |
---------------+-------------+-----
Conjurations   | 1 |  1.6
Spellcasting   | 3 |  3.4
Fighting       | 1 |  1.7
Summonings     | 1 |  1.0
Translocations | 1 |  1.0
Dodging        | |  1.5
Stealth        | |  1.5
Air Magic      | |  0.3
Alchemy        | |  2.9

Action                     |  1- 3 |  4- 6 || total
---------------------------+-------+-------++-------
  Melee: Unarmed           |    20 |       ||    20
         Club              |    13 |       ||    13
         Short sword       |    26 |     8 ||    34
         Punch             |     2 |       ||     2
         Flail             |       |     4 ||     4
   Cast: Sting             |    91 |    36 ||   127
    Use: Scroll            |       |     3 ||     3
   Stab: Sleeping          |     1 |     1 ||     2
 Armour: Robe              |    43 |    35 ||    78
  Dodge: Dodged            |    72 |    33 ||   105

Vanquished Creatures
  Terence (D:3)
  2 adders
  A dart slug (D:1)
  3 ribbon worms
  An orc (D:3)
  6 bats
  5 endoplasms
  3 giant cockroaches
  6 goblins
  10 hobgoblins
  3 jackals (D:1)
  5 kobolds
  3 quokkas
  6 ball pythons
  3 frilled lizards
  5 rats
63 creatures vanquished.
